 Dungeon Crawl Stone Soup version 0.31.0-9-g3a7656b989 (webtiles) character file.

Game seed: 10882581553261041657

43624 Beluga the Thaumaturge (level 14, -4/159 HPs)
             Began as a Djinni Alchemist on Jan 18, 2024.
             Was a Follower of Ashenzari.
             Slain by a titanic slime creature (11 damage)
             ... on level 1 of the Vaults on Feb 1, 2024.
             The game lasted 02:49:23 (17932 turns).

Beluga the Thaumaturge (Djinni Alchemist)          Turns: 17932, Time: 02:49:25

Health: -4/159     AC: 39    Str: 13    XL:     14   Next: 61%
Gold:   1552       EV:  2    Int: 23    God:    Ashenzari [*.....] SH:  0 Dex: 13

rFire   . . .        z - +7 orcbow of the Lame Duck {elec, +Blink}
rCold   + + .        (shield currently unavailable)
rNeg    . . .        M - melded +2 troll leather armour
rPois   ∞            q - melded +2 helmet of the Eternal Augurer {Cun, Bglg} (curse)
rElec   +            b - melded +1 cloak of Starlight {*Dazzle EV+4 Stlth--, Fort, Self} (curse)
rCorr   +            (gloves currently unavailable)
SInv    .            (boots unavailable)
Will    +....        (no amulet)
Stlth   ++           N - +6 ring of strength
HPRegen 0.46/turn    r - ring of ice
MPRegen 0.00/turn

%: infuse magic (-5 HP)
@: ice-armoured, tree-form, resistant, liquefying, slowed movement, invisible,
very slow
A: stationary, stasis, torment immunity, boosted hp, sickness immunity, (fire
resistance 2), (cold vulnerability 1), float, innate caster, HP casting, extra
vitality 1
a: Renounce Religion, Evoke Blink, Curse Item, Shatter the Chains


You were on level 1 of the Vaults.
You worshipped Ashenzari.
Ashenzari was aware of your devotion.
You were a tree.
You visited 4 branches of the dungeon, and saw 16 of its levels.
You also visited: Bailey.

You collected 1980 gold pieces.
You spent 428 gold pieces at shops.

Inventory:

Hand Weapons
 z - the +7 orcbow of the Lame Duck (weapon) {elec, +Blink}
   (You found it on level 5 of the Dungeon)

   +Blink:    It lets you blink.
Armour
 b - the cursed +1 cloak of Starlight (melded) {*Dazzle EV+4 Stlth--, Fort, Self}
   (You found it in a bailey)

   *Dazzle:   It may blind those who miss an attack against the wearer in melee
   combat.
   EV+4:      It affects your evasion (+4).
   Stlth--:   It makes you much less stealthy.
   It has a curse which improves the following skills: Fortitude: Armour and
   Shields.
   Introspection: Fighting and Spellcasting.
 q - the cursed +2 helmet of the Eternal Augurer (melded) {Cun, Bglg}
   (You found it on level 2 of the Dungeon)

   It has a curse which improves the following skills: Cunning: Dodging and
   Stealth.
   Beguiling: Hexes and Translocations.
 M - a +2 troll leather armour (melded)
Jewellery
 m - a ring of see invisible
 r - a ring of ice (right branch)
 N - a +6 ring of strength (left branch)
 P - a ring of resist corrosion
Wands
 a - a wand of charming (16)
 g - a wand of mindburst (19)
 i - a wand of flame (44)
 x - a wand of roots (5)
 B - a wand of digging (3)
 I - a wand of acid (15)
Scrolls
 f - a scroll of immolation
 j - 3 scrolls of blinking
 k - 5 scrolls of fog
 l - a scroll of poison
 v - a scroll of revelation
 w - 2 scrolls of enchant armour
 C - 4 scrolls of teleportation
 F - a scroll of torment
 G - a scroll of enchant weapon
 L - 6 scrolls of identify
 Q - a scroll of vulnerability
Potions
 d - a potion of invisibility
 e - 2 potions of brilliance
 h - 4 potions of mutation
 n - 4 potions of enlightenment
 p - a potion of degeneration
 s - 3 potions of haste
 t - 2 potions of attraction
 u - 2 potions of ambrosia
 A - 2 potions of might
 D - 2 potions of berserk rage
Miscellaneous
 O - a phantom mirror


   Skills:
 - Level 11.8 Fighting
 - Level 10.1 Armour
 - Level 11.1 Dodging
 - Level 2.7 Stealth
 * Level 13.1 Spellcasting
 * Level 13.1 Conjurations
 * Level 13.1 Hexes
 * Level 13.1 Summonings
 * Level 13.1 Necromancy
 * Level 13.1 Translocations
 * Level 13.1 Fire Magic
 * Level 13.1 Ice Magic
 * Level 13.1 Air Magic
 * Level 13.1 Earth Magic
 * Level 13.1 Alchemy


You knew the following spells:

 Your Spells              Type           Power      Damage    Failure   Level
a - Sting                 Conj/Alch      100%       1d9       1%          1
b - Mercury Vapours       Alch/Air       100%       N/A       1%          2
c - Mephitic Cloud        Conj/Alch/Air  66%        N/A       1%          3
d - Olgreb's Toxic Radia  Alch           66%        N/A       1%          4
e - Sticky Flame          Fire/Alch      66%        2d11      1%          4
f - Shock                 Conj/Air       100%       1d9       1%          1
g - Jinxbite              Hex            100%       N/A       1%          2
h - Ozocubu's Armour      Ice            85%        N/A       1%          3
i - Leda's Liquefaction   Alch/Erth      33%        N/A       1%          4
j - Summon Mana Viper     Hex/Summ       66%        N/A       1%          5
k - Freezing Cloud        Conj/Ice/Air   42%        6-21      1%          5
Your spell library was empty.

Dungeon Overview and Level Annotations

Branches:
Dungeon (13/15)            Temple (1/1) D:5            Lair (1/5) D:8
    Orc (0/2) D:11         Vaults (1/5) D:13         Bailey (visited)

Altars:
Ashenzari
Cheibriados
Dithmenos
Elyvilon
Fedhas
Gozag
Hepliaklqana
Makhleb
Nemelex Xobeh
Okawaru
Qazlal
Ru
Trog
Uskayaw
Wu Jian
Xom
Yredelemnul
Zin
The Shining One

Shops:
D:6 ?   D:7 **   D:9 *

Annotations:
D:12 exclusion: obsidian statue


Innate Abilities, Weirdness & Mutations

You are a tree.
Your roots penetrate the ground, keeping you stationary.
You cannot be teleported.
You are immune to unholy pain and torment.
Your maximum health is greatly increased.
Your equipment is partially melded.
You are immune to sickness and miasma.
You are immune to poison.
((Your flesh is very heat resistant. (rF++)))
((You are vulnerable to cold. (rC-)))
You float through the air rather than walking.
You learn spells naturally, not from books.
Your magical power is your life essence.
You have superior vitality. (+4 MHP)


Message History

Aim: an enormous slime creature (blue smoke, moderately wounded, covered in liquid flames, covering ground slowly, not susceptible)
The ball explodes into a vile cloud!
The stinking cloud engulfs the enormous slime creature.
The enormous slime creature is moderately wounded.
You hear a trumpeting!
The stinking cloud engulfs you.
The stinking cloud engulfs the boulder beetle.
* * * LOW HITPOINT WARNING * * *
The enormous slime creature burns!
The enormous slime creature hits you but does no damage.
The boulder beetle is engulfed in noxious fumes.
Casting: Mephitic Cloud (safe; 1% risk of failure)
Confirm with . or Enter, or press ? or * to list all spells.
You feel a surge of power! A film of ice covers your body!
* * * LOW HITPOINT WARNING * * *
The enormous slime creature burns!
A slime creature comes into view.
The enormous slime creature hits you!!!
* * * LOW HITPOINT WARNING * * *
The vault sentinel hits the slime creature with a +0 falchion!
You cannot blink because you are held in place by your roots.
You feel better.
The enormous slime creature burns!
The enormous slime creature hits you but does no damage.
The vault sentinel closely misses the enormous slime creature.
You fade into invisibility!
The enormous slime creature burns!
Two slime creatures merge to form a titanic slime creature.
The vault sentinel hits the titanic slime creature with a +0 falchion!
The titanic slime creature quivers.
Casting: Ozocubu's Armour (safe; 1% risk of failure)
Confirm with . or Enter, or press ? or * to list all spells.
Aiming: Mercury Vapours (safe; 1% risk of failure)
Press: ? - help, Dir - move target, f/p - titanic slime creature
Aim: a titanic slime creature (blue smoke, moderately wounded, unable to see you, covered in liquid flames, covering ground slowly, chance to weaken: 54%) Fumes of mercury billow around the titanic slime creature!
The titanic slime creature looks weaker.
The vault sentinel looks weaker.
The boulder beetle looks weaker.
* * * LOW HITPOINT WARNING * * *
The titanic slime creature burns!
The titanic slime creature hits you!
You die...

..... .#p. ... ..
#. ### ##'####
#.###..Bp§#
#..####J§##
#########..#.#♣###
#.......'.#'§§§§#
#.......#.##§§§##
#.......###.[..+
#.......# ##'#.#
#.......# .####
#.......# ..
############


You could see a boulder beetle (unable to see you, weak, struggling), a titanic
slime creature (unable to see you, burning, weak, struggling) and a vault
sentinel (confused, weak, struggling, magic disrupted).

Vanquished Creatures
  Kirke (D:12)
  An orc warlord (D:12)
  An ironbound preserver (Vaults:1)
  Fannar (D:11)
  A vault guard (D:13)
  2 two-headed ogres
  A catoblepas (D:13)
  An ironbound frostheart (Vaults:1)
  2 orc high priests
  2 centaur warriors (D:13)
  Sonja (D:11)
  Nergalle (D:10)
  3 deep trolls (Vaults:1)
  An arcanist (Vaults:1)
  3 orc knights
  An ironbound convoker (Vaults:1)
  Pikel (D:8)
  An orc sorcerer (D:12)
  A manticore (D:12)
  2 ugly things (Vaults:1)
  4 cyclopes
  Joseph (D:8)
  4 komodo dragons
  2 kobold demonologists
  5 trolls
  3 red devils (D:10)
  A hornet (D:10)
  4 slime creatures
  A vampire (D:9)
  3 wyverns (D:9)
  A human (D:12)
  3 wraiths
  Eustachio (D:6)
  6 hogs (D:12)
  28 yaks
  2 wargs (D:11)
  A basilisk (Lair:1)
  3 vampire mosquitoes (D:12)
  A water moccasin (Lair:1)
  An ice beast (D:7)
  A sky beast (D:7)
  2 black bears
  29 orc warriors
  7 centaurs
  3 lemures (D:8)
  A phantom (D:6)
  5 kobold brigands
  A gnoll sergeant (D:9)
  3 scorpions
  4 wights (D:9)
  10 killer bees
  7 electric eels (Bailey)
  3 howler monkeys
  3 hounds
  A jelly (D:6)
  12 orc priests
  3 sleepcaps
  2 gnoll boudas
  7 iguanas
  19 orc wizards
  17 gnolls
  6 adders
  A white imp (D:6)
  7 dart slugs
  59 orcs
  6 endoplasms
  6 giant cockroaches
  22 goblins
  15 hobgoblins
  8 jackals
  43 kobolds
  5 quokkas
  7 ball pythons
  6 bats
  A frilled lizard (D:1)
  7 rats
  A butterfly (D:5)
443 creatures vanquished.

Vanquished Creatures (collateral kills)
  2 ironbound preservers (Vaults:1)
  Maurice (D:12)
  A gargoyle (D:12)
  Maggie (D:9)
  2 slime creatures (D:12)
  5 yaks (D:12)
  2 orc priests (D:12)
14 creatures vanquished.

Vanquished Creatures (others)
  An arcanist (D:8)
1 creature vanquished.

Grand Total: 458 creatures vanquished

Notes
Turn   | Place    | Note
-------+----------+-------------------------------------------
     0 | D:1      | Beluga the Djinni Alchemist began the quest for the Orb.
     0 | D:1      | Beluga set off with the following spells memorised: Sting,
                  | Mercury Vapours, Mephitic Cloud, Olgreb's Toxic Radiance,
                  | Sticky Flame.
     0 | D:1      | Reached XP level 1. HP: 15/15 MP: 0/0
   117 | D:1      | Reached XP level 2. HP: 19/21 MP: 0/0
   418 | D:1      | Reached XP level 3. HP: 22/25 MP: 0/0
   418 | D:1      | Learned a level 1 spell: Shock
   448 | D:1      | Found a faded altar of an unknown god.
   454 | D:1      | Upgraded the game from 0.31-b1-22-gc680215f68 to
                  | 0.31.0-4-g52a2dc7128
   838 | D:2      | Found a glowing golden altar of the Shining One.
  1031 | D:2      | Reached XP level 4. HP: 28/31 MP: 0/0
  1688 | D:3      | Reached XP level 5. HP: 30/35 MP: 0/0
  1688 | D:3      | Learned a level 2 spell: Jinxbite
  1942 | D:3      | Found a sparkling altar of Nemelex Xobeh.
  2091 | D:3      | Reached skill level 5 in Spellcasting
  2091 | D:3      | Reached skill level 5 in Conjurations
  2091 | D:3      | Reached skill level 5 in Hexes
  2091 | D:3      | Reached skill level 5 in Summonings
  2091 | D:3      | Reached skill level 5 in Necromancy
  2091 | D:3      | Reached skill level 5 in Translocations
  2091 | D:3      | Reached skill level 5 in Fire Magic
  2091 | D:3      | Reached skill level 5 in Ice Magic
  2091 | D:3      | Reached skill level 5 in Air Magic
  2091 | D:3      | Reached skill level 5 in Earth Magic
  2091 | D:3      | Reached skill level 5 in Alchemy
  2351 | D:3      | Reached XP level 6. HP: 36/40 MP: 0/0
  3183 | D:4      | Reached XP level 7. HP: 35/45 MP: 0/0
  3183 | D:4      | Learned a level 3 spell: Ozocubu's Armour
  3692 | D:5      | Entered Level 5 of the Dungeon
  3896 | D:5      | Upgraded the game from 0.31.0-4-g52a2dc7128 to
                  | 0.31.0-9-g3a7656b989
  4225 | D:5      | Found a blossoming altar of Fedhas.
  4371 | D:5      | Found a staircase to the Ecumenical Temple.
  4376 | D:5      | Identified the +7 orcbow of the Lame Duck {elec, +Blink}
  4388 | Temple   | Entered the Ecumenical Temple
  4404 | Temple   | Became a worshipper of Ashenzari the Shackled
  4899 | D:6      | Reached XP level 8. HP: 47/50 MP: 0/0
  4966 | D:6      | Reached skill level 1 in Fighting
  5295 | D:6      | Noticed Eustachio
  5316 | D:6      | Killed Eustachio
  5544 | D:6      | Found a hazy altar of Hepliaklqana.
  5583 | D:6      | Reached skill level 5 in Fighting
  5868 | D:6      | Found Orghet's Magic Scroll Boutique.
  5874 | D:6      | Bought a scroll of enchant weapon for 82 gold pieces
  5874 | D:6      | Bought a scroll of teleportation for 33 gold pieces
  5874 | D:6      | Bought a scroll of fog for 44 gold pieces
  5924 | D:6      | Reached XP level 9. HP: 49/66 MP: 0/0
  5924 | D:6      | Learned a level 4 spell: Leda's Liquefaction
  6386 | D:7      | Reached skill level 1 in Armour
  6794 | D:7      | Found Wuytzulo's General Store.
  6796 | D:7      | Found Qorol's Specific Store.
  7011 | D:7      | Found an opulent altar of Gozag.
  7071 | D:7      | Reached skill level 5 in Armour
  7547 | D:8      | Found a flagged portal.
  7768 | D:8      | Noticed Joseph
  7775 | D:8      | Noticed Pikel
  7829 | D:8      | Killed Joseph
  7830 | D:8      | Reached XP level 10. HP: 25/72 MP: 0/0
  7989 | Bailey   | Entered a bailey
  8159 | Bailey   | Acquired 949 gold pieces
  8191 | Bailey   | Noticed an orc knight
  8212 | Bailey   | Killed an orc knight
  8767 | Bailey   | Identified the +1 chain mail of the Blizzard {Dex+3}
  8946 | Bailey   | Found an iron altar of Okawaru.
  8950 | Bailey   | Noticed an orc high priest
  8961 | Bailey   | Killed an orc high priest
  8962 | Bailey   | Noticed a kobold demonologist
  8969 | Bailey   | Killed a kobold demonologist
  9084 | Bailey   | Found the +1 cloak of Starlight {*Dazzle EV+4 Stlth--}
  9144 | Bailey   | Reached XP level 11. HP: 85/85 MP: 0/0
  9144 | Bailey   | Learned a level 5 spell: Summon Mana Viper
  9475 | D:8      | Reached skill level 10 in Fighting
  9790 | D:8      | Found a staircase to the Lair.
  9802 | Lair:1   | Entered Level 1 of the Lair of Beasts
  9830 | Lair:1   | Reached XP level 12. HP: 90/91 MP: 0/0
  9863 | Lair:1   | Reached skill level 10 in Armour
 10165 | D:8      | Killed Pikel
 10490 | D:8      | Found a bloodstained altar of Trog.
 10635 | D:9      | Noticed Maggie
 10647 | D:9      | Killed Maggie
 11094 | D:9      | Reached * piety under Ashenzari
 11174 | D:9      | Reached skill level 5 in Dodging
 11194 | D:9      | Found Meachy's General Store.
 11202 | D:9      | Bought 2 potions of haste for 220 gold pieces
 11202 | D:9      | Bought a +0 kite shield for 49 gold pieces
 11876 | D:10     | Entered Level 10 of the Dungeon
 12349 | D:9      | Reached skill level 10 in Spellcasting
 12349 | D:9      | Reached skill level 10 in Conjurations
 12349 | D:9      | Reached skill level 10 in Hexes
 12349 | D:9      | Reached skill level 10 in Summonings
 12349 | D:9      | Reached skill level 10 in Necromancy
 12349 | D:9      | Reached skill level 10 in Translocations
 12349 | D:9      | Reached skill level 10 in Fire Magic
 12349 | D:9      | Reached skill level 10 in Ice Magic
 12349 | D:9      | Reached skill level 10 in Air Magic
 12349 | D:9      | Reached skill level 10 in Earth Magic
 12349 | D:9      | Reached skill level 10 in Alchemy
 13432 | D:10     | Noticed Nergalle
 13439 | D:10     | Killed Nergalle
 13653 | D:11     | Noticed a two-headed ogre
 13660 | D:11     | Killed a two-headed ogre
 13661 | D:11     | Reached XP level 13. HP: 99/99 MP: 0/0
 13661 | D:11     | Learned a level 5 spell: Freezing Cloud
 14051 | D:11     | Found a staircase to the Orcish Mines.
 14052 | D:11     | Acquired a +6 ring of strength
 14144 | D:11     | Noticed Fannar
 14254 | D:11     | Noticed Sonja
 14268 | D:11     | Killed Sonja
 14409 | D:11     | Killed Fannar
 14897 | D:12     | Noticed Maurice
 14906 | D:12     | Killed Maurice
 14913 | D:12     | Reached skill level 10 in Dodging
 15108 | D:12     | Noticed Kirke
 15150 | D:12     | Identified the cursed +2 helmet of the Eternal Augurer
                  | {Cun, Bglg} (You found it on level 2 of the Dungeon)
 16046 | D:12     | Noticed an orc warlord
 16063 | D:12     | Killed an orc warlord
 16647 | D:12     | Reached XP level 14. HP: 86/106 MP: 0/0
 17299 | D:12     | Killed Kirke
 17766 | D:13     | Found a gate to the Vaults.
 17803 | Vaults:1 | Entered Level 1 of the Vaults
 17874 | Vaults:1 | Noticed an ironbound preserver
 17875 | Vaults:1 | Noticed an ironbound preserver
 17891 | Vaults:1 | Killed an ironbound preserver
 17911 | Vaults:1 | Killed an ironbound preserver
 17913 | Vaults:1 | Noticed an ironbound preserver
 17918 | Vaults:1 | Killed an ironbound preserver
 17929 | Vaults:1 | HP: 1/159 [enormous slime creature (41)]
 17932 | Vaults:1 | Slain by a titanic slime creature

Illustrated notes

Levels and vault maps discovered:
D:1:      lemuel_arrival_room, layout_loops_ring, basic_ecumenical_altar
D:2:      layout_basic, basic_altar
D:3:      layout_loops_cross, nemelex_diamond_rough_becter, serial_glass,
          glass_columns_a, glass_columns_c, minmay_crystal_room
D:4:      minmay_inner_zag, layout_loops_corners, minmay_misc_feat_tiny,
          amcnicky_mini_corridor_feature, minmay_goblin_outpost
D:5:      layout_cave_pools, jmf_multi_god_temple2,
          minmay_temple_entry_butterflies, minmay_a_box_with_orc_wizards_in_it
D:6:      layout_basic, nicolae_hepliaklqana_hippocampus, serial_shops, shop,
          uniq_eustachio
D:7:      layout_rooms, grunt_gozag_statues, minivault_27,
          nicolae_specific_store
D:8:      layout_basic, trog_wizard, david_lair_shrubbed, enter_bailey_5,
          st_stairs_2, kennysheep_boxes, uniq_pikel, uniq_joseph
D:9:      layout_loops_corners, serial_shops, shop, library_closet, uniq_maggie
D:10:     layout_big_octagon, einodemon_armed_red_devil_minivault, uniq_nergalle
D:11:     layout_basic, david_orc_1_choice, uniq_sonja, uniq_fannar
D:12:     orc_temple, layout_stronghold, minivault_16, uniq_maurice, uniq_kirke
D:13:     layout_loops_ring, erik_vaults_1
Temple:   nicolae_temple_bog_church
Lair:1:   layout_misc_corridors, hellmonk_ghost_happy_afterlife,
          grunt_megastairs_3, uniq_erica, uniq_urug, uniq_amaemon
Vaults:1: dpeg_vaults_monster_box, ontoclasm_vaults_claustrophobia,
          nicolae_vaults_an_arrangement, v_rooms_6, ontoclasm_vaults_shuriken,
          nicolae_vaults_two_Ls, v_pattern_4, nicolae_vaults_mini_display_case,
          v_rooms_5, nicolae_vaults_house_2, v_misc_13, layout_vaults_ring,
          serial_glass, serial_shops, nicolae_shop_hallway_plus

Skill      XL: |  1  2  3  4  5  6  7  8  9 10 11 12 13 14 |
---------------+-------------------------------------------+-----
Spellcasting   | 4 5 6 7 9 10 11 13 | 13.1
Conjurations   | 4 5 6 7 9 10 11 13 | 13.1
Hexes          | 4 5 6 7 9 10 11 13 | 13.1
Summonings     | 4 5 6 7 9 10 11 13 | 13.1
Necromancy     | 4 5 6 7 9 10 11 13 | 13.1
Translocations | 4 5 6 7 9 10 11 13 | 13.1
Fire Magic     | 4 5 6 7 9 10 11 13 | 13.1
Ice Magic      | 4 5 6 7 9 10 11 13 | 13.1
Air Magic      | 4 5 6 7 9 10 11 13 | 13.1
Earth Magic    | 4 5 6 7 9 10 11 13 | 13.1
Alchemy        | 4 5 6 7 9 10 11 13 | 13.1
Fighting       | 6 9 10 11 | 11.8
Armour         | 5 9 10 | 10.1
Dodging        | 3 8 11 | 11.1
Stealth        | 2 |  2.7

Action                     |  1- 3 |  4- 6 |  7- 9 | 10-12 | 13-15 || total
---------------------------+-------+-------+-------+-------+-------++-------
  Melee: Trident           |     4 |       |       |       |       ||     4
   Fire: Orcbow            |       |       |    54 |   164 |   153 ||   371
   Cast: Sting             |    34 |     4 |    34 |    15 |     1 ||    88
         Shock             |    27 |   148 |   115 |    37 |    18 ||   345
         Mephitic Cloud    |       |     1 |    33 |    37 |    44 ||   115
         Mercury Vapours   |       |       |     9 |     6 |     5 ||    20
         Olgreb's Toxic Ra |       |       |    15 |    36 |    36 ||    87
         Ozocubu's Armour  |       |       |     2 |     2 |    13 ||    17
         Sticky Flame      |       |       |    15 |    67 |    73 ||   155
         Leda's Liquefacti |       |       |     4 |     2 |     8 ||    14
         Summon Mana Viper |       |       |       |     4 |    11 ||    15
         Freezing Cloud    |       |       |       |       |    18 ||    18
 Invoke: Curse Item        |       |       |     1 |     1 |       ||     2
Ability: Evoke Blink       |       |       |     1 |       |       ||     1
  Evoke: Wand              |       |       |       |     4 |     2 ||     6
    Use: Scroll            |     4 |     2 |     5 |     7 |     4 ||    22
         Potion            |     1 |       |     9 |     4 |     7 ||    21
 Armour: Robe              |     9 |     2 |       |       |       ||    11
         Leather armour    |       |     7 |    18 |       |       ||    25
         Ring mail         |       |       |    21 |    44 |       ||    65
         Swamp dragon scal |       |       |       |    73 |       ||    73
         Troll leather arm |       |       |       |     1 |    59 ||    60
         Skin              |       |       |       |       |     9 ||     9
  Dodge: Dodged            |     8 |    14 |    31 |   123 |   105 ||   281
